AoeStats
← NicoTheGreat999

Black Forest

503523188Analyzed
2v2 RM · 1mo ago on Sep 1, 2026· 32m 42s· 4 players
Game mode
Random Map
Map size
Medium (4 player)
Population
200
Speed
Normal
Resources
Standard
Victory
Conquest
Starting age
Dark Age
Ending age
Imperial Age
RankedLock teamsTeams togetherTeam positionsShared explorationLock speedFull tech treeHidden civsTurbo modeCheats
Victory
Defeat
🇺🇸 Ethiopians · United States
905
+12
🇺🇸 Romans · United States
787
+17
🇨🇦 Khmer · Canada
864
-17
🇨🇦 Byzantines · Canada
749
-18
Vinnyloot
9:07 Feudal Age
12:59 Double-Bit Axe
17:18 Castle Age
15:45 Horse Collar
18:51 Crossbowman
27:19 Town Watch
28:10 Wheelbarrow
30:56 Imperial Age
30:24 Pikeman
31:27 Gold Mining
31:29 Stone Mining
32:42 Husbandry
NicoTheGreat999
5:11 Loom
9:18 Feudal Age
10:09 Double-Bit Axe
14:34 Horse Collar
21:33 Castle Age
25:47 Elite Skirmisher
Vinvinn
1:26 Loom
14:21 Feudal Age
16:29 Double-Bit Axe
17:07 Scale Barding Armor
16:24 Man-at-Arms
18:18 Forging
18:55 Arson
19:43 Horse Collar
21:06 Town Watch
21:59 Wheelbarrow
24:33 Fletching
24:58 Padded Archer Armor
25:02 Gold Mining
25:03 Stone Mining
25:28 Scale Mail Armor
29:28 Castle Age
30:13 Bodkin Arrow
29:40 Crossbowman
30:25 Thumb Ring
30:42 Chain Mail Armor
31:11 Bow Saw
31:02 Heavy Plow
32:56 Leather Archer Armor
DaRealTurbo
3:39 Loom
11:52 Feudal Age
11:55 Man-at-Arms
12:42 Double-Bit Axe
12:39 Horse Collar
15:57 Scale Mail Armor
16:08 Forging
25:48 Castle Age
23:58 Gold Mining
26:54 Bow Saw
26:47 Heavy Plow
26:14 Long Swordsman
27:14 Chain Mail Armor
27:12 Squires
30:49 Pikeman
33:08 Wheelbarrow
Connection lost

Rejoining the realm…

Still unreachable

The connection could not be restored.

Session expired

The server has moved on; the page needs a fresh start.